 Dungeon Crawl Stone Soup version 0.13-a0-2960-g2f00e6d (console) character file.

152 Kellhus the Ruinous (level 4, 22/22 HPs)
             Began as a Gargoyle Wizard on Sept 6, 2013.
             Quit the game on Level 2 of the Dungeon.
             The game lasted 00:01:34 (1505 turns).

Kellhus the Ruinous (Gargoyle Wizard)               Turns: 1505, Time: 00:01:34

HP  22/22        AC  7     Str 11      XL: 4   Next:  2%
MP   7/11        EV 11     Int 19      God:
Gold 94          SH  0     Dex  8      Spells:  1 memorised,  8 levels left

Res.Fire  : . . .   See Invis. : .   m - +0 dagger (venom)
Res.Cold  : . . .   Warding    : .   a - +0 robe
Life Prot.: + . .   Conserve   : .   (no shield)
Res.Poison: +       Res.Corr.  : .   o - +1 helmet
Res.Elec. : +       Clarity    : .   (no cloak)
Sust.Abil.: . .     Spirit.Shd : .   (no gloves)
Res.Mut.  : .       Stasis     : .   (no boots)
Res.Rott. : +       Flight     : .   (no amulet)
Saprovore : . . .                    (no ring)
                                     (no ring)

@: slightly resistant to hostile enchantments, unstealthy
A: fangs 1, talons 2, life protection 1, electricity resistance, slow metabolism
1, unbreathing, petrification resistance, AC +3
a: no special abilities


You were on level 2 of the Dungeon.
You were not hungry.

You visited 1 branch of the dungeon, and saw 2 of its levels.

You collected 74 gold pieces.

Inventory:

Hand weapons
 m - a +0,+0 dagger of venom (weapon)
Armour
 a - a +0 robe (worn)
 b - a +0 wizard hat
 o - a +1 helmet (worn)
Comestibles
 d - 2 bread rations
 f - a pear
 g - a rotting chunk of adder flesh
Scrolls
 e - 3 scrolls of teleportation {unknown}
 l - a scroll of fear {unknown}
 n - a scroll of amnesia {unknown}
 p - a scroll of identify {unknown}
 q - a scroll of enchant weapon II {unknown}
 r - a scroll of random uselessness {unknown}
Potions
 h - a potion of heal wounds {unknown}
 i - 2 potions of degeneration {unknown}
 j - 2 potions of brilliance {unknown}
 k - 2 potions of curing {unknown}
Books
 c - a book of Minor Magic

   Spells                             Type                      Level
   *Magic Dart                        Conjuration                  1
   Blink                              Translocation                2
   Call Imp                           Summoning                    2
   Repel Missiles                     Charms/Air                   2
   Slow                               Hexes                        2
   Conjure Flame                      Conjuration/Fire             3
   Mephitic Cloud                     Conjuration/Poison/Air       3


   Skills:
 - Level 1.5 Dodging
 - Level 2.1 Stealth
 - Level 3.0 Spellcasting
 + Level 4.1 Conjurations
   Level 0.8 Summonings
   Level 0.8 Translocations


You had 8 spell levels left.
You knew the following spells:

 Your Spells              Type           Power        Failure   Level  Hunger
a - Magic Dart            Conj           ###.         3%          1    None


Dungeon Overview and Level Annotations

Branches:
Dungeon (2/27)

Altars:


Innate Abilities, Weirdness & Mutations

You are resistant to torment.
You are immune to poison.
Your stone body is very resilient (AC +3).
You have very sharp teeth.
You have razor-sharp toenails.
You resist negative energy.
You are resistant to electric shocks.
You have a slow metabolism.
You can survive without breathing.
You are immune to petrification.


Message History

The magic dart hits the gnoll.
The gnoll is moderately wounded.
Casting: Magic Dart
Confirm with . or Enter, or press ? or * to list all spells.
Aiming: Magic Dart
Press: ? - help, Shift-Dir - straight line, f/p - gnoll
Aim: a gnoll, wielding a whip (moderately wounded)
The magic dart hits the gnoll.
The gnoll is heavily wounded.
Casting: Magic Dart
Confirm with . or Enter, or press ? or * to list all spells.
Aiming: Magic Dart
Press: ? - help, Shift-Dir - straight line, f/p - gnoll
Aim: a gnoll, wielding a whip (heavily wounded)
The magic dart hits the gnoll.
You kill the gnoll!
Your Conjurations skill increases to level 4!
You have reached level 4!
You feel stronger.
A gnoll comes into view. It is wielding a spear.
Are you sure you want to abandon this character and quit the game? (Confirm with "yes".)

.(......######.####
..###.............#
..# ##..######....#
..# #..# #..#.# .##
#..#######...# .
#............# .
#...#######.##
#...# #.# #.....
#@# #...[.. #.#
#...%.# #.# #.....#
#.# #.....# #.# .#.
... .). .g# ..g


You could see 2 gnolls.

Vanquished Creatures
  2 adders (D:2)
  A gnoll (D:2)
  A worm (D:2)
  2 giant geckos (D:1)
  2 ball pythons (D:1)
  4 bats
  A giant cockroach (D:1)
  2 goblins
  4 hobgoblins
  2 giant newts
  2 kobolds
  6 rats (D:1)
29 creatures vanquished.

Notes
Turn   | Place    | Note
--------------------------------------------------------------
     0 | D:1      | Kellhus, the Gargoyle Wizard, began the quest for the Orb.
     0 | D:1      | Reached XP level 1. HP: 8/8 MP: 5/5
   134 | D:1      | Reached XP level 2. HP: 11/13 MP: 0/7
  1003 | D:2      | Reached XP level 3. HP: 6/17 MP: 0/9
  1504 | D:2      | Reached skill level 4 in Conjurations
  1504 | D:2      | Reached XP level 4. HP: 22/22 MP: 7/11
  1505 | D:2      | Quit the game

Action                   |  1- 3 |  4- 6 || total
-------------------------+-------+-------++-------
Melee: Unarmed           |     4 |       ||     4
       Dagger            |     4 |       ||     4
 Cast: Magic Dart        |    68 |     1 ||    69
